cohdb
Replays
Latest Replays
All Replays
Popular Replays
Top Player Replays
Match Explorer
How It Works
Community
CoH3 Stats
Reddit
Sign in to upload your games and track your stats! →
Sign in with Steam
Match 41398750
Unlisted
Match 41398750
Overview
Messages
Build Orders
End
Panzergrenadier Squad
250 Light Carrier
Panzergrenadier Squad
Panzergrenadier Squad
Panzergrenadier Squad
Construct Light Support Kompanie
Panzerjäger Mechanized Group
Selects Panzerjäger Kommand Battlegroup
Selects Mine Fields
Combat Half-tracks
Construct Mechanized Kompanie
Selects Defensive Positions
Selects Tank Busters
Selects Butterfly Bomb Drop
MG34 Team
Support Armor Elements
Panzerjäger Mechanized Group
StuG III D Assault Gun
Butterfly Bomb Drop
2.5-tonne Medical Truck
Veteran Squad Leaders
Marder III Tank Destroyer
Fortune
mrce
0
0
Comments
sign in to comment!
No comments posted yet!